Cogmind - Beta 13 @@@ ROGUE MODE // 2024.05.28 @ 21:50:59 Player: BrainTooSmol Result: Self-destructed Performance ------------- Evolutions (3) 1500 Regions Visited (8) 1600 Robots Destroyed (114) 570 Value Destroyed (2691) 2691 Prototype IDs (3) 60 Alien Tech Used (0) 0 Bonus (146) 146 TOTAL SCORE: 6567 Bonus ------- Follower Combat Kills 168 Friendly Fire -22 Cogmind --------- Core Integrity 594/700 Matter 300/300 Energy 100/100 System Corruption 0% Temperature Cool (0) Movement Core (100) Ox1 Location -7/Factory Parts ------- > --- POWER (1) -------- (None) > --- PROPULSION (2) --- (None) > --- UTILITY (8) ------ Improved Signal Interpreter ECM Suite Hacking Suite Hacking Suite Hacking Suite System Shield > --- WEAPON (2) ------- Mini Grenade Launcher Makeshift Sword > --- INVENTORY (5) ---- Seismic Detector Hacking Suite Hacking Suite System Shield Authchip [Armor] Peak State ------------ > --- POWER ------------ Light Deuterium Engine > --- PROPULSION ------- Improved Flight Unit Xenon Bombardment Thruster > --- UTILITY ---------- Improved Sensor Array Improved Signal Interpreter ECM Suite Hacking Suite Hacking Suite Hacking Suite Hacking Suite System Shield > --- WEAPON ----------- Mini Grenade Launcher Makeshift Sword > --- INVENTORY -------- Seismic Detector Reaction Control System System Shield Authchip [Armor] [Rating: 39] Favorites ----------- Power Light Nuclear Core Engine Light Ion Engine Power Core Light Nuclear Core Propulsion Wheel Treads Armored Treads Leg Aluminum Leg Wheel Wheel Hover Unit Improved Hover Unit Flight Unit Improved Flight Unit Utility Huge Storage Unit Device Disposable Heat Sink Storage Huge Storage Unit Processor Advanced Targeting Computer Hackware Hacking Suite Protection Hardened Light Armor Plating Weapon Improved Assault Rifle Ballistic Gun Improved Assault Rifle Launcher Mini Grenade Launcher Special Weapon Mining Laser Slashing Weapon Makeshift Sword Build | -11 -10 -10 -9 -9 -9 -8 -8 -7 ------- Run | Yrd Mat Min Mat Min Exi Min Mat Fac Slots Evolved 6 | . . . 2 . . . 2 2 Power . | . . . . . . . . . Propulsion . | . . . . . . . . . Utility 6 | . . . 2 . . . 2 2 Weapon . | . . . . . . . . . Parts Attached 92 | 1 23 1 14 2 . 7 15 29 Power 10 | . 1 . 3 1 . 1 2 2 Engine 5 | . 1 . 3 . . . . 1 Core 5 | . . . . 1 . 1 2 1 Reactor . | . . . . . . . . . Propulsion 22 | . 7 . 4 . . 3 3 5 Treads 9 | . 4 . 2 . . 1 2 . Leg . | . . . . . . . . . Wheel 8 | . 3 . 2 . . 2 1 . Hover 2 | . . . . . . . . 2 Flight 3 | . . . . . . . . 3 Utility 33 | 1 3 1 3 . . 1 9 15 Device 11 | 1 1 . 1 . . . 3 5 Storage 2 | . 2 . . . . . . . Processor 3 | . . 1 . . . . 1 1 Hackware 7 | . . . . . . . . 7 Protection 10 | . . . 2 . . 1 5 2 Artifact . | . . . . . . . . . Weapon 27 | . 12 . 4 1 . 2 1 7 Energy Gun . | . . . . . . . . . Energy Cannon . | . . . . . . . . . Ballistic Gun 17 | . 10 . 3 1 . 2 1 . Ballistic Cannon . | . . . . . . . . . Launcher 4 | . . . . . . . . 4 Special Weapon 3 | . 2 . 1 . . . . . Impact Weapon . | . . . . . . . . . Slashing Weapon 3 | . . . . . . . . 3 Piercing Weapon . | . . . . . . . . . Special Melee Weapon . | . . . . . . . . . Unidentified Prototypes 2 | . . . 2 . . . . . Parts Lost 20 | . 5 . 1 1 . 5 1 7 Power 2 | . 1 . . . . . . 1 Propulsion 6 | . 1 . 1 . . 2 . 2 Utility 8 | . 2 . . . . 1 1 4 Weapon 4 | . 1 . . 1 . 2 . . Highest Loss Streak 5 | . 3 . 1 1 . 3 1 5 To Critical Strikes . | . . . . . . . . . Average Slot Usage (%) 96 | . 90 99 99 99 100 99 94 93 Engine 5 | . 13 14 11 3 . . . 2 Core 4 | . . . . 7 11 11 9 4 Treads 9 | . 12 14 11 11 11 11 8 . Wheel 9 | . 12 14 11 11 11 10 9 . Flight 2 | . . . . . . . . 12 Device 10 | . 6 . 10 11 11 11 14 14 Storage 9 | . 14 14 11 11 11 11 9 . Processor 9 | . . 13 11 11 11 11 9 7 Hackware 6 | . . . . . . . . 34 Protection 7 | . . . 10 11 11 11 15 1 Ballistic Gun 18 | . 26 28 21 21 22 21 18 1 Slashing Weapon 1 | . . . . . . . . 6 Naked Turns . | . . . . . . . . . Heaviest Build 110 | 14 89 89 95 97 97 97 101 110 Greatest Support 40 | 20 20 10 10 10 10 40 12 14 Greatest Overweight (x) 10 | . 8 8 9 9 9 9 10 9 Average Overweight (x) 4 | . 2 8 8 9 9 7 9 . Largest Inventory Capacity 25 | 8 25 25 25 25 25 25 25 25 Average Capacity 20 | 8 12 25 25 25 25 25 25 6 Most Carried 25 | 8 13 16 21 19 18 20 25 25 Average Carried 15 | 6 8 14 18 17 18 16 23 6 Final Capacity 25 | 8 25 25 25 25 25 25 25 5 Final Carried 25 | 6 13 16 18 18 18 17 25 5 Class Distribution -------------------- 83% | Mutant 16% | Hacker-Mutant Dominant Class ---------------- Mutant | -10/Materials Mutant | -10/Mines Mutant | -9/Materials Mutant | -9/Mines Mutant | -9/Exiles Mutant | -8/Mines Mutant | -8/Materials Hacker-Mutant | -7/Factory Resources | -11 -10 -10 -9 -9 -9 -8 -8 -7 ----------- Run | Yrd Mat Min Mat Min Exi Min Mat Fac Matter Collected 2526 | 226 389 58 561 102 . 445 400 345 Remotely . | . . . . . . . . . Salvage Created 3918 | 119 778 84 1121 216 . 700 486 414 Parts 272 | 6 69 3 90 13 . 36 29 26 Haulers Intercepted 7 | . 2 . 3 . . . 1 1 Recyclers Shooed 1 | . 1 . . . . . . . Parts Field Recycled . | . . . . . . . . . Retrieved Matter . | . . . . . . . . . Parts Self-Destructed . | . . . . . . . . . Prevented . | . . . . . . . . . Kills | -11 -10 -10 -9 -9 -9 -8 -8 -7 ------- Run | Yrd Mat Min Mat Min Exi Min Mat Fac Combat Hostiles Destroyed 67 | . 13 2 21 6 . 14 5 6 Guns 61 | . 13 2 21 6 . 14 5 . AOE 6 | . . . . . . . . 6 Classes Destroyed 12 | 2 6 . 2 . . 2 . . Worker 9 | . 4 . 1 1 . 1 . 2 Builder 1 | . . . . . . 1 . . Tunneler 5 | 1 2 . . . . 1 . 1 Hauler 7 | . 2 . 3 . . . 1 1 Recycler 5 | 1 1 . . . . . 1 2 Operator 9 | . 4 . 2 . . . 2 1 Watcher 11 | . 2 . 4 . . . 2 3 Swarmer 22 | . 6 . 5 2 . 3 . 6 Grunt 30 | . 7 2 7 3 . 9 2 . Brawler 2 | . . . 1 1 . . . . Sentry 11 | . . . 8 . . . 3 . Hunter 2 | . . . . . . 2 . . Best Kill Streak 5 | 2 4 2 3 3 . 4 3 5 Combat Bots Only 3 | . 3 2 3 3 . 2 3 3 Max Kills in Single Turn 2 | 1 1 1 2 1 . 1 1 2 Gunslinging 1 | . . . 1 . . . . . Exploded 2 | . . . . . . . . 2 Melee . | . . . . . . . . . Uniques/NPCs Destroyed . | . . . . . . . . . Combat | -11 -10 -10 -9 -9 -9 -8 -8 -7 -------- Run | Yrd Mat Min Mat Min Exi Min Mat Fac Hostile Shots Fired 333 | . 63 12 78 22 . 103 20 35 Missed 92 | . 10 2 24 6 . 24 7 19 Damage Taken 3460 | . 618 175 704 192 . 1202 205 364 Core 545 | . 99 74 88 31 . 95 52 106 Absorbed by Shields . | . . . . . . . . . Regen/Repaired (Parts) 235 | . . . 162 . . . . 73 Core Remaining (%) 66 | 100 . 30 . . . 46 90 . Volleys Fired 279 | 4 93 6 56 13 . 65 35 7 Largest 2 | 2 2 2 2 2 . 2 2 1 Hottest 100 | 40 100 46 46 46 . 46 48 30 Shots Fired 528 | 8 173 12 113 27 . 118 70 7 Gun 515 | 8 167 12 113 27 . 118 70 . Cannon . | . . . . . . . . . Launcher 7 | . . . . . . . . 7 Special 6 | . 6 . . . . . . . Kinetic 515 | 8 167 12 113 27 . 118 70 . Thermal 6 | . 6 . . . . . . . Explosive 7 | . . . . . . . . 7 Electromagnetic . | . . . . . . . . . Robot Hit Streak 26 | 4 17 5 22 22 . 22 26 . Robot Miss Streak 5 | 1 5 2 4 1 . 5 1 5 Penetration Max . | . . . . . . . . . Secondary Targets 4 | . 2 . 1 1 . . . . Max Gunslinging Chain 1 | . 1 . 1 1 . . . . Shots Hit Robots 398 | 5 99 10 89 24 . 95 58 18 Core Hits 199 | 4 46 5 55 12 . 40 21 16 Critical Kills 3 | . 2 . 1 . . . . . Critical Parts Destroyed 3 | . . . . . . 1 2 . Critical Strikes 7 | . 2 . 1 . . 1 2 1 Destroy 6 | . 2 . 1 . . 1 2 . Sever 1 | . . . . . . . . 1 Melee Attacks 95 | . . . . . . . . 95 Impact . | . . . . . . . . . Slashing 95 | . . . . . . . . 95 Piercing . | . . . . . . . . . Sneak Attacks 7 | . . . . . . . . 7 Combat Hostiles . | . . . . . . . . . Follow-up Attacks . | . . . . . . . . . Damage Inflicted 6853 | 49 1098 158 1370 358 . 1344 956 1520 Guns 5333 | 49 1098 158 1370 358 . 1344 956 . Cannons . | . . . . . . . . . Explosions 503 | . . . . . . . . 503 Melee 1017 | . . . . . . . . 1017 Ramming . | . . . . . . . . . Kinetic 5333 | 49 1098 158 1370 358 . 1344 956 . Thermal . | . . . . . . . . . Explosive 503 | . . . . . . . . 503 Electromagnetic . | . . . . . . . . . Impact . | . . . . . . . . . Slashing 1017 | . . . . . . . . 1017 Piercing . | . . . . . . . . . Highest Corruption 2 | . . . 2 2 2 2 . . Average Corruption 2 | . . . 2 2 2 2 . . Corruption Purged . | . . . . . . . . . Corruption Blocked . | . . . . . . . . . Effects 74 | . . . 30 14 6 24 . . Message Errors 20 | . . . 7 5 2 6 . . Matter Fused 17 | . . . 8 5 3 1 . . Heat Flow Errors 12 | . . . 4 . 1 7 . . Energy Discharges 5 | . . . 1 . . 4 . . Data Loss (minor) 10 | . . . 6 2 . 2 . . Data Loss (major) 6 | . . . 3 . . 3 . . Misfires 3 | . . . 1 2 . . . . Alerts 1 | . . . . . . 1 . . Overload Shots . | . . . . . . . . . Overflow Damage 178 | . . . . . . . . 178 Projectiles . | . . . . . . . . . Explosions 26 | . . . . . . . . 26 Melee 152 | . . . . . . . . 152 Knockbacks . | . . . . . . . . . Impact . | . . . . . . . . . Kinetic . | . . . . . . . . . Secondary . | . . . . . . . . . Self-Inflicted Damage . | . . . . . . . . . Shots . | . . . . . . . . . Rammed . | . . . . . . . . . Targets Rammed . | . . . . . . . . . Kicked . | . . . . . . . . . Crushed . | . . . . . . . . . Highest Temperature 232 | . 60 10 230 12 151 232 64 . Average Temperature 47 | . 16 5 49 6 79 86 16 . Received Heat Transfer 1119 | . 279 87 198 99 . 351 99 6 Siege Activations . | . . . . . . . . . Robots Corrupted . | . . . . . . . . . Combat Hostiles . | . . . . . . . . . Parts Fried . | . . . . . . . . . Impact Corruptions . | . . . . . . . . . Robots Melted . | . . . . . . . . . Combat Hostiles . | . . . . . . . . . Parts Melted . | . . . . . . . . . Heat Transferred . | . . . . . . . . . Parts Sabotaged . | . . . . . . . . . Parts Stolen . | . . . . . . . . . Parts Stripped . | . . . . . . . . . Power Chain Reactions . | . . . . . . . . . Alert | -11 -10 -10 -9 -9 -9 -8 -8 -7 ------- Run | Yrd Mat Min Mat Min Exi Min Mat Fac Peak Influence 321 | 10 213 73 321 224 . 300 133 207 Initial 114 | . 6 23 . 114 . . . . Average 88 | 6 95 15 197 84 . 63 18 79 Maximum Alert Level 1 | . 1 . 1 1 . 1 . 1 Low Security (%) 83 | 100 99 100 37 89 . 94 100 95 Level 1 16 | . . . 62 10 . 5 . 4 Level 2 . | . . . . . . . . . Level 3 . | . . . . . . . . . Level 4 . | . . . . . . . . . Level 5 . | . . . . . . . . . High Security . | . . . . . . . . . Max Security . | . . . . . . . . . Squads Dispatched 26 | . 2 . 3 . . . 5 16 Investigation 8 | . . . 1 . . . 1 6 Extermination 2 | . . . . . . . . 2 Reinforcement 15 | . 2 . 2 . . . 3 8 Assault . | . . . . . . . . . Garrison 1 | . . . . . . . 1 . Intercept . | . . . . . . . . . Searches Triggered . | . . . . . . . . . Construction Impeded 2 | . . . . . . . . 2 Haulers Reinforced . | . . . . . . . . . Active Scanning Responses . | . . . . . . . . . Cargo Convoy Interrupts 1 | . . . . . . . . 1 Stealth | -11 -10 -10 -9 -9 -9 -8 -8 -7 --------- Run | Yrd Mat Min Mat Min Exi Min Mat Fac Distress Signals 12 | . 1 . 4 . . . 3 4 Communications Jammed . | . . . . . . . . . Distress Signals . | . . . . . . . . . Times Spotted 150 | . 34 2 43 7 . 16 13 35 Peak Tracking Total 4 | . 3 2 3 3 . 3 2 4 Tactical Retreats 13 | . . . 2 1 . 3 1 6 Traps | -11 -10 -10 -9 -9 -9 -8 -8 -7 ------- Run | Yrd Mat Min Mat Min Exi Min Mat Fac Traps Triggered 7 | . 2 . 1 . . . 3 1 Indirectly . | . . . . . . . . . Trap Hack Attempts . | . . . . . . . . . Triggered . | . . . . . . . . . Disarmed . | . . . . . . . . . Reprogrammed . | . . . . . . . . . Reused . | . . . . . . . . . Traps Extracted . | . . . . . . . . . Installed . | . . . . . . . . . Triggered 3 | . . . . . . . . 3 Most Traps Carried 3 | . . 3 3 3 3 3 3 3 Machines | -11 -10 -10 -9 -9 -9 -8 -8 -7 ---------- Run | Yrd Mat Min Mat Min Exi Min Mat Fac Machines Disabled 1 | . . . . . . . . 1 Max in Single Turn 1 | . . . . . . . . 1 Garrison Access 4 | . . . . . . . 1 3 Machines Repaired . | . . . . . . . . . Machines Dismantled 1 | . . . 1 . . . . . Machines Sabotaged . | . . . . . . . . . Overloaded Fab Kills . | . . . . . . . . . Hacking | -11 -10 -10 -9 -9 -9 -8 -8 -7 --------- Run | Yrd Mat Min Mat Min Exi Min Mat Fac Machines Accessed 52 | . 6 1 10 . 1 . 8 26 Terminals 28 | . 5 . 8 . . . 5 10 Fabricators 5 | . . . . . . . . 5 Repair Stations 4 | . . . 1 . . . . 3 Recycling Units 7 | . 1 . . . . . 1 5 Scanalyzers 2 | . . . 1 . . . 1 . Garrison Access 4 | . . . . . . . 1 3 Total Hacks 126 | . 15 1 32 . 1 . 17 60 Successful 80 | . 7 1 16 . 1 . 9 46 Failed 46 | . 8 . 16 . . . 8 14 Catastrophic 5 | . 1 . 2 . . . 1 1 Database Lockouts . | . . . . . . . . . Manual 61 | . 12 . 19 . . . 9 21 Terminals 72 | . 12 . 21 . . . 12 27 Fabricators 11 | . . . . . . . . 11 Repair Stations 12 | . . . 3 . . . . 9 Recycling Units 11 | . 3 . . . . . 1 7 Scanalyzers 10 | . . . 8 . . . 2 . Garrison Access 8 | . . . . . . . 2 6 Terminal Hacks 18 | . 1 1 2 . 1 . 2 11 Record 1 | . . . . . 1 . . . Part Schematic 2 | . . . . . . . 1 1 Open Door 1 | . . 1 . . . . . . Level Access Points 1 | . . . . . . . . 1 Branch Access Points 1 | . . . . . . . . 1 Machine Index 1 | . . . . . . . . 1 Terminal Index 3 | . 1 . 1 . . . . 1 Recall Investigation 2 | . . . . . . . . 2 Recall Extermination 2 | . . . . . . . . 2 Recall Reinforcements 1 | . . . . . . . . 1 Hauler Manifests 2 | . . . 1 . . . 1 . Zone Layout 1 | . . . . . . . . 1 Fabricator Hacks 11 | . . . . . . . . 11 Network Status 1 | . . . . . . . . 1 Load Schematic 5 | . . . . . . . . 5 Build 5 | . . . . . . . . 5 Repair Station Hacks 10 | . . . 2 . . . . 8 Scan Component 5 | . . . 1 . . . . 4 Repair 5 | . . . 1 . . . . 4 Recycling Unit Hacks 9 | . 3 . . . . . 1 5 Process 1 | . 1 . . . . . . . Report Inventory 7 | . 1 . . . . . 1 5 Retrieve Matter 1 | . 1 . . . . . . . Scanalyzer 10 | . . . 8 . . . 2 . Insert Component 5 | . . . 4 . . . 1 . Analyze 5 | . . . 4 . . . 1 . Garrison Access Hacks 4 | . . . . . . . 1 3 Seal Access 4 | . . . . . . . 1 3 Unauthorized Hacks 18 | . 3 . 4 . . . 3 8 Terminals 16 | . 3 . 4 . . . 3 6 Assimilate 9 | . 2 . 3 . . . . 4 Botnet 4 | . . . . . . . 2 2 Operators 3 | . 1 . 1 . . . 1 . Fabricators . | . . . . . . . . . Repair Stations . | . . . . . . . . . Recycling Units 2 | . . . . . . . . 2 Reject 1 | . . . . . . . . 1 Mask 1 | . . . . . . . . 1 Scanalyzers . | . . . . . . . . . Garrison Access . | . . . . . . . . . Data Cores Recovered . | . . . . . . . . . Used . | . . . . . . . . . Hacking Detections 32 | . 5 . 7 . . . 4 16 Full Trace Events 9 | . 2 . 1 . . . . 6 Feedback Events 1 | . . . . . . . . 1 Hackware Fried 1 | . . . . . . . . 1 Feedback Blocked . | . . . . . . . . . Robot Schematics Acquired . | . . . . . . . . . Robots Built . | . . . . . . . . . Authchips . | . . . . . . . . . Time . | . . . . . . . . . Total Robot Build Rating . | . . . . . . . . . Part Schematics Acquired 7 | . . . 4 . . . 2 1 Parts Built 4 | . . . . . . . . 4 Authchips . | . . . . . . . . . Time 317 | . . . . . . . . 317 Total Part Build Rating 11 | . . . . . . . . 11 Parts Repaired 5 | . . . 1 . . . . 4 Time 118 | . . . 32 . . . . 86 Parts Recycled . | . . . . . . . . . Recycled Matter 533 | . 533 . . . . . . . Retrieved Matter 702 | . 702 . . . . . . . Retrieved Components . | . . . . . . . . . Parts Scanalyzed 5 | . . . 4 . . . 1 . Part Schematics Acquired 5 | . . . 4 . . . 1 . Parts Damaged 1 | . . . 1 . . . . . Bothacking | -11 -10 -10 -9 -9 -9 -8 -8 -7 ------------ Run | Yrd Mat Min Mat Min Exi Min Mat Fac Used RIF Installer . | . . . . . . . . . Robots Hacked . | . . . . . . . . . Non-combat . | . . . . . . . . . Combat . | . . . . . . . . . Robot Hacks Applied . | . . . . . . . . . Relay Couplers Released . | . . . . . . . . . Fabnet Peak Effective % . | . . . . . . . . . Robots Rewired . | . . . . . . . . . Allies Hacked 1 | . . . . . . . . 1 Hacks Repelled . | . . . . . . . . . Allies | -11 -10 -10 -9 -9 -9 -8 -8 -7 -------- Run | Yrd Mat Min Mat Min Exi Min Mat Fac Total Allies 8 | . . 3 1 1 . . . 3 Largest Group 3 | . . 3 3 2 1 1 . 3 Highest-Rated Group 46 | . . 40 40 41 10 10 . 46 Highest-Rated Ally 31 | . . 16 16 31 10 10 . 26 Total Orders 8 | . . . . 6 . . . 2 STAY 4 | . . . . 3 . . . 1 FOLLOW 4 | . . . . 3 . . . 1 Ally Attacks 32 | . . . 32 . . . . . Total Damage 304 | . . . 304 . . . . . Kills 6 | . . . 6 . . . . . Allies Corrupted . | . . . . . . . . . Allies Melted . | . . . . . . . . . Intel | -11 -10 -10 -9 -9 -9 -8 -8 -7 ------- Run | Yrd Mat Min Mat Min Exi Min Mat Fac Robot Analysis Total . | . . . . . . . . . Derelict Logs Recovered 3 | . . 1 . 2 . . . . Drone Launches . | . . . . . . . . . Drone Recoveries . | . . . . . . . . . Exploration | -11 -10 -10 -9 -9 -9 -8 -8 -7 ------------- Run | Yrd Mat Min Mat Min Exi Min Mat Fac Turns Passed 16412 | 33 1901 1331 3497 1087 387 2312 2909 2955 Spaces Moved 9815 | 13 919 632 1376 472 181 669 1211 4342 Core 8 | . . . . . . . . 8 Treads 456 | . 235 . . . . 221 . . Legs 101 | 13 88 . . . . . . . Wheels 5021 | . 596 632 1376 472 181 448 1211 105 Hover 343 | . . . . . . . . 343 Flight 3886 | . . . . . . . . 3886 Fastest Speed 37 | 120 80 200 200 215 215 215 210 37 Average Speed 137 | 120 138 200 214 215 215 304 222 42 Slowest Speed 490 | 120 200 200 215 215 215 490 230 225 Overloaded Moves . | . . . . . . . . . Propulsion Burnouts . | . . . . . . . . . Robots Hopped 16 | . . . . . . . . 16 Cave-ins Triggered . | . . . . . . . . . Exploration Rate (%) 79 | 2 95 99 92 99 53 99 97 78 Regions Visited 8 Branch Regions 4 Pre-discovered Areas 3 | . . . . 2 1 . . . Known Exits Taken 1 | . . . . . . . 1 . Unknown Exits Taken 7 | 1 1 1 1 1 1 1 . . Scrap Searched 4 | . . 1 . 1 . 2 . . Spaces Dug 69 | . 6 . . . . . . 63 Terrain Destroyed 99 | . 6 . . . . . . 93 Melee 63 | . . . . . . . . 63 Projectile 6 | . 6 . . . . . . . AOE 30 | . . . . . . . . 30 Terrain Rammed . | . . . . . . . . . Walls Destroyed . | . . . . . . . . . Machines Disabled . | . . . . . . . . . Actions | -11 -10 -10 -9 -9 -9 -8 -8 -7 --------- Run | Yrd Mat Min Mat Min Exi Min Mat Fac Total 12112 | 23 1374 687 1812 520 180 828 1365 5323 Wait 1712 | 2 309 46 334 32 . 80 83 826 Move 9775 | 12 918 631 1375 471 180 668 1210 4310 Hop 16 | . . . . . . . . 16 Pick Up 60 | 2 17 3 14 1 . 4 11 8 Fast Attach 38 | 1 11 1 4 . . 2 11 8 Attach 31 | . 4 . 4 1 . 4 . 18 Detach 7 | . . . 2 . . 1 1 3 Swap 23 | . 8 . 6 1 . 1 4 3 Drop 73 | 2 14 . 14 1 . 3 10 29 Fire 279 | 4 93 6 56 13 . 65 35 7 Melee 95 | . . . . . . . . 95 Ram . | . . . . . . . . . Kick . | . . . . . . . . . Crush . | . . . . . . . . . Escape Stasis . | . . . . . . . . . Rewire . | . . . . . . . . . Trap . | . . . . . . . . . Miscellaneous 3 | . . . 3 . . . . . Route ------- -11/Scrapyard -10/Materials (discovered 4 exits: *Mat x3 / *Min) -10/Mines (discovered 2 exits: *Mat x2) -9/Materials (discovered 6 exits: *Mat x3 / [*Min x2] / *Sto) -9/Mines (discovered 4 exits: *Mat x2 / *Exi / [*Zio]) -9/Exiles -8/Mines (discovered 2 exits: *Mat x2) -8/Materials (discovered 3 exits: *Fac x3) -7/Factory (discovered 6 exits: *Fac x4 / *Low x2) History --------- Turn | Location | Event 1 | -11/Scrapyard | Discovered new exit (range 3) 34 | -11/Scrapyard | Entered Materials 310 | -10/Materials | Build established: Mutant 640 | -10/Materials | Discovered new exit (range 6) 980 | -10/Materials | Lost 3 parts (1p1u1w) 1132 | -10/Materials | Discovered new exit (range 10) 1367 | -10/Materials | Discovered new exit (range 5) 1715 | -10/Materials | Discovered new exit (range 16) 1935 | -10/Materials | Entered Mines 1954 | -10/Mines | Met a Derelict who couldn't figure out how to use a Trap Extractor 2101 | -10/Mines | Core integrity fell below 50% 2182 | -10/Mines | Discovered new exit (range 9) 2309 | -10/Mines | Discovered new exit (range 8) 2431 | -10/Mines | Learned 2 Materials zone layouts 2651 | -10/Mines | Found a hidden stash of uninstalled traps 2936 | -10/Mines | Assisted by bots powering up and referring to "LRC-V3" 3266 | -10/Mines | Entered Materials 3266 | -9/Materials | Accompanied by 3 allies 3266 | -9/Materials | Evolved 2 slots: Utility x2 3267 | -9/Materials | Identified exit to Storage 3571 | -9/Materials | Lost 3 allies 3833 | -9/Materials | Discovered new exit (range 16) 4178 | -9/Materials | Discovered new exit (range 16) 4925 | -9/Materials | Discovered new exit (range 9) 5196 | -9/Materials | Discovered new exit (range 15) 6204 | -9/Materials | Discovered new exit (range 8) 6588 | -9/Materials | Repaired Hrd. Light Armor Plating 6763 | -9/Materials | Entered Mines 6763 | -9/Mines | Accompanied by 1 ally 6874 | -9/Mines | Learned location of 1 exit from Materials 7096 | -9/Mines | A weapon hastily lodged in a ceiling crevice suddenly fell to the ground 7557 | -9/Mines | Discovered new exit (range 5) 7646 | -9/Mines | A Derelict revealed a hidden shortcut to a safe place 7656 | -9/Mines | Deemed a non-threat by the Exiles lab entrance 7656 | -9/Mines | Discovered new exit (range 5) 7709 | -9/Mines | Discovered new exit (range 5) 7715 | -9/Mines | Escorted by a lone wolf Derelict 7735 | -9/Mines | Learned location of Storage (-9) 7850 | -9/Mines | Entered Exiles 7850 | -9/Exiles | Accompanied by 2 allies 7902 | -9/Exiles | Met 8R-AWN 7939 | -9/Exiles | Met EX-HEX 7999 | -9/Exiles | Met EX-BIN 8151 | -9/Exiles | Learned location of Zion (-7) 8214 | -9/Exiles | Discovered new exit (range 12) 8237 | -9/Exiles | Entered Mines 8237 | -8/Mines | Accompanied by 1 ally 8541 | -8/Mines | Discovered new exit (range 9) 8721 | -8/Mines | Discovered new exit (range 8) 8975 | -8/Mines | Core integrity fell below 50% 8997 | -8/Mines | Lost 3 parts (1n1u1w) 10549 | -8/Mines | Entered Materials 10549 | -8/Materials | Evolved 2 slots: Utility x2 10550 | -8/Materials | Identified exit to Factory 10664 | -8/Materials | Garrison activated, responded to threat 10965 | -8/Materials | Met 7R-MNS 11488 | -8/Materials | Discovered exit to Factory (range 3) 12218 | -8/Materials | Discovered exit to Factory (range 11) 13458 | -8/Materials | Entered Factory 13458 | -7/Factory | Evolved 2 slots: Utility x2 13459 | -7/Factory | Caught up to 7R-MNS 13753 | -7/Factory | Discovered new exit (range 5) 13814 | -7/Factory | Discovered new exit (range 2) 13815 | -7/Factory | Identified exit to Factory 13851 | -7/Factory | Identified exit to Lower Caves 13885 | -7/Factory | Fabricated Imp. Flight Unit? 14001 | -7/Factory | Build established: Hacker-Mutant 14382 | -7/Factory | Cargo convoy interrupted 15167 | -7/Factory | Hacking Suite fried by hacking feedback 15235 | -7/Factory | Fabricated Hacking Suite (x1) 15484 | -7/Factory | Fabricated Hacking Suite? 15878 | -7/Factory | Fabricated Hacking Suite (x1) 16000 | -7/Factory | Repaired Xenon Bombardment Thruster 16018 | -7/Factory | Repaired Mni. Grenade Launcher 16065 | -7/Factory | Repaired Mak. Sword 16384 | -7/Factory | Repaired ECM Suite 16413 | -7/Factory | Self-destructed Last Messages --------------- Rating: 1 Time: 26 >>Repair Repairing ECM Suite... ETC: 26 16384_ Repair station completes ECM Suite repairs. 16384_ Acquired ECM Suite. 16390_ U-05 Engineer builds a Wall. 16394_ ALERT: Suspicious intruders detected, dispatching Cutter reinforcements to area. 16402_ U-05 Engineer builds a Wall. 16402_ Lgt. Nuclear Core destroyed. 16402_ Knocked back. 16404_ Xenon Bombardment Thruster destroyed. 16404_ Imp. Flight Unit destroyed. 16404_ Hacking Suite destroyed. 16404_ Critical hit (Blast). 16404_ Knocked back. 16407_ Imp. Sensor Array destroyed. 16407_ Knocked back. Map ----- +----------------------------------------------------+ | ###+#### #????????????????????????????????? | | #????????????????????????????????? | | #### #????????????????????????????????? | | ???# #????????????????????????????????? | | ???# #????????????????????????????????? | | ???# #?###########????????????????????? | | ???# #?#= #????????????????????? | | ???# ### #????????????????????? | | ???# # #????????????????????? | | ???# # #????????????????????? | | ???# + """ ""???????????????????????? | | ####### # """ ""???????????????????????? | | # # # """ ""???????????????????????? | | # """ ## # ?????????????????????? | | # "R" ## ##########?????????????????????? | | # " " ## #??????????????????????????????? | | # ## #??????????????????????????????? | | # + #??????????????????????????????? | | #####/###+##########???????????????????????? | | """" + #???????????????????????? | | "T"" # % #???????????????????????? | | # H #####################???? | | # + #???? | | # ; % #???? | | ############;# #???? | | @ #???? | | #####+####???#### ######### #?????? | | # ????????????# ?????????? #?????? | | # ???????????# ???????????? #?????? | | # "??????????# #????????????? #?????? | | ## "?? #??????# #???????????????? ????? | | ## #??????# #?????????????????? ????? | | ## """ #??????# #????????????????????????? | | ?# """ #??????# #????????????????????????? | | ?# """ #??????+ #?####+######????????????? | | #? #??????#%#?# #????????????? | | #? * ?????###%###! [ #????????????? | | ######"########!%% =#] #????????????? | | [% % %#% !!! #????????????? | | ! %[[+[ !!! #????????????? | | = %!#! !! #????????????? | | ########## T### %=#%= #????????????? | | #???????######## %##! +????????????? | | #???????# # %############????????????? | | ????????# """ # !############??#?????????? | | ######### "Y" # # ! #? #?????????? | | # " " # # #? ##????????? | | # # # ] # #????????? | | # """" # # " " # #????????? | | # """" + + ""G"" + #????????? | +----------------------------------------------------+ Best States ------------- Heat Dissipation 34 Coolant Potential 50 Energy Generation 14 Energy Capacity 250 Matter Stores 300 Matter Capacity 300 Sight Range 16 Robot Scan Range 15 Terrain Scan Density 10 ECM Strength 1 Armor Coverage 600 Evasion (%) 62 Targeting Accuracy 8 Recoil Reduction 2 Offensive Hacking 40 Defensive Hacking 20 Authchip Count 1 Item Schematics ----------------- Hacking Suite | -9/Materials | Scanalyzed ECM Suite | -9/Materials | Scanalyzed Mni. Grenade Launcher | -9/Materials | Scanalyzed Weight Redist. System | -9/Materials | Scanalyzed System Shield | -8/Materials | Scanalyzed Imp. Flight Unit | -8/Materials | Hacked Imp. Utility Shielding | -7/Factory | Hacked Robot Schematics ------------------ None Fabricated ------------ Imp. Flight Unit | x1 | -7/Factory Hacking Suite | x1 | -7/Factory Hacking Suite | x1 | -7/Factory Hacking Suite | x1 | -7/Factory Alien Tech Used ----------------- None Achievements -------------- None Challenges ------------ None Game ------ Seed DeliveryDroneNanosword Manual? 0 Play Time 01:46:50 Cumulative 124.2 hours Start 2024.05.28 @ 07:48:15 End 2024.05.28 @ 21:50:59 Sessions 6 Manual Loads 0 Difficulty Rogue Special Mode None Game No. 83 Rogue 83 Adventurer 0 Explorer 0 Win Type - Total 2 Types 1/0/0/1/0/0/0/0/0 Lore% 61 Gallery% 54 Achievement% 49 Wizard Run 0 Options --------- Layout 0 ASCII 0 Keyboard 0 Movement Mouse Keybinds 0 Fullscreen 1 Font 18/SmallcapsGlow Map View 76x50 Zoom Use 0% Tactical HUD 1 Map Filters NONE Filters NONE Steam 1 RUN: 4cdb6ff2-4f40-4084-9166-58ce8273db55